 Dungeon Crawl Stone Soup version 0.20.1-1-g8b1a95d (webtiles) character file.

6692 HammerPanzer the Basher (level 10, 0/85 HPs)
             Began as a Demonspawn Berserker on Oct 26, 2017.
             Was a High Priest of Trog.
             Killed by divine providence
             ... invoked by an orc priest
              (12 damage)
             ... on level 11 of the Dungeon.
             The game lasted 00:43:44 (9765 turns).

HammerPanzer the Basher (Demonspawn Berserker)      Turns: 9765, Time: 00:43:45

Health: 0/85       AC: 11    Str: 22    XL:     10   Next: 74%
Magic:  10/10      EV:  5    Int: 10    God:    Trog [*****.]
Gold:   410        SH:  8    Dex: 15    Spells: 9/9 levels left

rFire    . . .     SeeInvis .   y - +6 flail (protect)
rCold    . . .     Gourm    .   C - +0 shield
rNeg     . . .     Faith    .   i - +0 plate armour
rPois    .         Spirit   .   (helmet restricted)
rElec    .         Reflect  .   (no cloak)
rCorr    .         Harm     +   (no gloves)
MR       .....                  l - +0 pair of boots
Stlth    ..........             k - amulet of harm
Regen    0.3/turn               f - +2 ring of dexterity
MPRegen  0.2/turn               j - +3 ring of strength

@: about to teleport
A: horns 1, demonic guardian 1, spiny 1, sturdy frame 1
a: Berserk, Trog's Hand, Brothers in Arms, Burn Spellbooks, Renounce Religion


You were on level 11 of the Dungeon.
You worshipped Trog.
Trog was extremely pleased with you.
You were hungry.

You visited 1 branch of the dungeon, and saw 12 of its levels.

You collected 563 gold pieces.
You spent 153 gold pieces at shops.

Inventory:

Hand Weapons
 y - a +6 flail of protection (weapon)
 H - a cursed +4 morningstar
Missiles
 r - 7 tomahawks
 s - 2 tomahawks of returning
 K - 4 javelins of penetration (quivered)
Armour
 i - a +0 plate armour (worn)
 l - a +0 pair of boots (worn)
 C - a +0 shield (worn)
Jewellery
 e - an uncursed ring of ice
 f - a +2 ring of dexterity (left hand)
 j - a +3 ring of strength (right hand)
 k - an amulet of harm (around neck)
 q - an uncursed ring of protection from cold
 P - an uncursed ring of flight
Wands
 p - a wand of polymorph (22/24)
 x - a wand of random effects (14/48)
 D - a wand of digging (17/24)
 N - a wand of iceblast (9/15)
Scrolls
 a - 2 scrolls of recharging
 g - 2 scrolls of teleportation
 n - 3 scrolls of remove curse
 E - a scroll of brand weapon {unknown}
 M - a scroll of fear
Potions
 b - 4 potions of mutation
 h - 6 potions of might
 m - a potion of cancellation
 o - a potion of magic
 t - 3 potions of heal wounds
 u - a potion of berserk rage
 v - 4 potions of curing
 w - 2 potions of flight
 z - 3 potions of haste
 B - a potion of agility
 I - 2 potions of ambrosia
 L - 2 potions of lignification
 O - a potion of brilliance {unknown}
 R - a potion of invisibility {unknown}
 S - a potion of degeneration {unknown}
Miscellaneous
 G - a phantom mirror
Comestibles
 c - 9 bread rations
 d - 2 meat rations
 A - 2 royal jellies
 J - 2 fruits


   Skills:
 + Level 10.1 Fighting
 * Level 12.3 Maces & Flails
 - Level 1.7 Armour
 - Level 1.7 Dodging


You had 9 spell levels left.
You didn't know any spells.

Dungeon Overview and Level Annotations

Branches:
Dungeon (12/15)            Temple (0/1) D:6
   Lair: D:8-11         Orc: D:9-12

Altars:
Cheibriados
Fedhas
Gozag
Okawaru
Qazlal
Uskayaw

Shops:
D:5 *   D:7 =   D:11 ?[(


Innate Abilities, Weirdness & Mutations

You have a pair of small horns on your head.
A weak demonic guardian rushes to your aid.
You are partially covered in sharp spines.
Your movements are slightly less encumbered by armour. (ER -2)


Message History

The orc wizard is severely wounded.
The orc wizard is struck by your spines.
The orc wizard hits you but does no damage.
The orc priest calls down the wrath of Beogh upon you.
Beogh smites you!
You bludgeon the orc wizard!!
Your weapon exudes an aura of protection.
You kill the orc wizard!
Trog accepts your kill.
Trog appreciates your killing of a magic user.
The orc priest mumbles some strange prayers to Beogh against you.
Beogh smites you!
* * * LOW HITPOINT WARNING * * *
The orc priest calls down the wrath of Beogh upon you.
You struggle to resist.
As you read the scroll of teleportation, it crumbles to dust.
You feel strangely unstable.
The orc priest calls down the wrath of Beogh upon you.
Beogh smites you!
You die...

#.##.# #...#
###o# #)# #o#
#o# #.# #.#
###########.#
#.#
#.........@.#
#.#
#.###########
#.# #.# #.#
#.# #.# #.#
#.# #.#
##>####)#
#...)...#
...######


You could see 2 orc priests and an orc.

Vanquished Creatures
  A hydra (D:11)
  A two-headed ogre (D:7)
  Maurice (D:9)
  A troll (D:10)
  Prince Ribbit (D:7)
  A hippogriff (D:10)
  Sigmund (D:3)
  2 wyverns
  Eustachio (D:4)
  Grum (D:8)
  Edmund (D:5)
  2 orc warriors
  2 sky beasts
  A black bear (D:11)
  5 ogres
  3 phantoms
  3 wolves (D:8)
  A centaur (D:9)
  A big kobold (D:8)
  2 bullfrogs
  3 scorpions
  14 wights
  2 crimson imps
  2 hounds
  4 jellies
  5 orc wizards
  A gnoll shaman (D:7)
  2 orc priests
  2 bullfrog skeletons
  A centaur skeleton (D:8)
  4 iguanas
  4 worker ants
  A hound zombie (D:9)
  A howler monkey zombie (D:8)
  11 adders
  6 shadow imps
  3 oozes (D:1)
  2 adder skeletons (D:8)
  An adder zombie (D:9)
  A worm (D:6)
  3 dart slugs
  9 leopard geckos
  27 orcs
  7 bats
  3 giant cockroaches
  6 goblins
  8 hobgoblins
  6 jackals
  12 kobolds
  2 quokkas (D:6)
  3 ball pythons
  3 frilled lizards (D:2)
  A jackal zombie (D:8)
  3 quokka skeletons
  6 rats
201 creatures vanquished.

Vanquished Creatures (collateral kills)
  The ghost of gabygaby the Firebug, an amateur DrFE of Makhleb (D:4)
  An ogre (D:9)
  Blork the orc (D:4)
  A howler monkey (D:6)
  A crimson imp (D:9)
  An orc priest (D:4)
  An orc wizard (D:3)
  4 orcs
11 creatures vanquished.

Grand Total: 212 creatures vanquished

Notes
Turn   | Place    | Note
-------+----------+-------------------------------------------
     0 | D:1      | HammerPanzer the Demonspawn Berserker began the quest for the Orb.
     0 | D:1      | Reached XP level 1. HP: 18/18 MP: 1/1
    40 | D:1      | Reached skill level 3 in Maces & Flails
    69 | D:1      | Gained mutation: You have a pair of small horns on your head. [demonic ancestry]
    69 | D:1      | Reached XP level 2. HP: 23/24 MP: 2/2
   314 | D:1      | Reached XP level 3. HP: 26/29 MP: 3/3
   374 | D:1      | Reached ** piety under Trog
  1708 | D:3      | Found a stormy altar of Qazlal.
  1729 | D:3      | Gained mutation: A weak demonic guardian rushes to your aid. [demonic ancestry]
  1729 | D:3      | Reached XP level 4. HP: 37/37 MP: 4/4
  1732 | D:3      | Reached skill level 4 in Maces & Flails
  1784 | D:3      | Found an opulent altar of Gozag.
  1866 | D:3      | Reached XP level 5. HP: 7/42 MP: 5/5
  2137 | D:3      | Found a blossoming altar of Fedhas.
  2181 | D:3      | Noticed Sigmund
  2191 | D:3      | Killed Sigmund
  2191 | D:3      | Reached skill level 5 in Maces & Flails
  2191 | D:3      | Reached XP level 6. HP: 49/49 MP: 6/6
  2429 | D:3      | Reached *** piety under Trog
  2949 | D:4      | Noticed Blork the orc
  2961 | D:4      | Killed Blork the orc
  3132 | D:4      | Reached skill level 5 in Fighting
  3140 | D:5      | Entered Level 5 of the Dungeon
  3140 | D:5      | Noticed Edmund
  3261 | D:4      | Noticed Eustachio
  3291 | D:4      | Killed Eustachio
  3291 | D:4      | Reached skill level 6 in Maces & Flails
  3291 | D:4      | Reached XP level 7. HP: 56/56 MP: 7/7
  3391 | D:4      | Noticed gabygaby's ghost (amateur DrFE)
  3407 | D:4      | Killed gabygaby's ghost
  3580 | D:4      | Reached skill level 7 in Maces & Flails
  3889 | D:4      | Found a snail-covered altar of Cheibriados.
  3997 | D:5      | Killed Edmund
  3997 | D:5      | Reached XP level 8. HP: 64/64 MP: 8/8
  4297 | D:5      | Found a hide-covered altar of Uskayaw.
  4297 | D:5      | Found a snail-covered altar of Cheibriados.
  4542 | D:5      | Found Marph's General Store.
  4550 | D:5      | Reached **** piety under Trog
  4563 | D:5      | Bought a scroll of identify for 26 gold pieces
  4563 | D:5      | Bought a scroll of identify for 26 gold pieces
  4563 | D:5      | Bought a scroll of identify for 26 gold pieces
  4563 | D:5      | Bought a scroll of teleportation for 39 gold pieces
  4995 | D:6      | Reached skill level 8 in Maces & Flails
  5100 | D:6      | Found a staircase to the Ecumenical Temple.
  5679 | D:7      | Noticed a two-headed ogre
  5679 | D:7      | Reached skill level 9 in Maces & Flails
  5682 | D:7      | HP: 4/100 [two-headed ogre/giant club (18)]
  5684 | D:7      | Killed a two-headed ogre
  5684 | D:7      | Gained mutation: Your movements are slightly less encumbered by armour. (ER -2) [demonic ancestry]
  5684 | D:7      | Reached XP level 9. HP: 4/74 MP: 9/9
  6489 | D:7      | Reached skill level 10 in Maces & Flails
  6567 | D:7      | Found Qoigod's Jewellery Shop.
  6612 | D:7      | Reached ***** piety under Trog
  6716 | D:7      | Noticed Prince Ribbit
  6733 | D:7      | Killed Prince Ribbit
  7054 | D:8      | Received a gift from Trog
  7078 | D:8      | Noticed Grum
  7104 | D:8      | Killed Grum
  7355 | D:8      | Found an iron altar of Okawaru.
  7793 | D:9      | Reached skill level 11 in Maces & Flails
  7793 | D:9      | Gained mutation: You are partially covered in sharp spines. [demonic ancestry]
  7793 | D:9      | Reached XP level 10. HP: 75/83 MP: 10/10
  7944 | D:10     | Entered Level 10 of the Dungeon
  8501 | D:9      | Noticed Maurice
  8508 | D:9      | Killed Maurice
  9024 | D:11     | Found Ramam's Armour Emporium.
  9539 | D:11     | Found Xughiqij's Magic Scroll Shop.
  9545 | D:11     | Bought a scroll of identify for 36 gold pieces
  9652 | D:11     | Found Damul's Antique Weapon Boutique.
  9718 | D:11     | Reached skill level 12 in Maces & Flails
  9725 | D:11     | Noticed an eight-headed hydra
  9729 | D:11     | Killed an eight-headed hydra
  9729 | D:11     | Reached skill level 10 in Fighting
  9765 | D:11     | Killed from afar by an orc priest

Skill      XL: |  1  2  3  4  5  6  7  8  9 10 |
---------------+-------------------------------+-----
Maces & Flails | 3 4 5 6 7 9 11 12 | 12.3
Fighting       | 4 5 6 7 9 10 | 10.1
Armour         | |  1.7
Dodging        | |  1.7

Action                   |  1- 3 |  4- 6 |  7- 9 | 10-12 || total
-------------------------+-------+-------+-------+-------++-------
Melee: Mace              |   105 |    61 |       |       ||   166
       Headbutt          |    14 |    18 |    56 |    21 ||   109
       Flail             |       |    25 |   198 |    93 ||   316
       Dire flail        |       |    19 |    57 |       ||    76
Invok: Berserk           |       |     3 |     7 |     1 ||    11
       Burn Spellbooks   |       |     1 |     2 |       ||     3
  Use: Scroll            |       |     1 |    17 |    11 ||    29
 Stab: Sleeping          |     1 |       |       |       ||     1
       Distracted        |       |       |     6 |     1 ||     7
  Eat: Chunk             |     3 |     6 |    22 |     5 ||    36
       Fruit             |       |       |       |     2 ||     2
Armor: Animal skin       |     7 |       |       |       ||     7
       Plate armour      |    51 |    92 |    94 |    31 ||   268
Dodge: Dodged            |    42 |    34 |    59 |    11 ||   146
Block: Shield            |       |       |    49 |    30 ||    79
